 Dungeon Crawl Stone Soup version 0.17-a0-2024-gc284f19 (webtiles) character file.

42 Banto the Charmwright (level 3, 0/24 HPs)
             Began as a High Elf Skald on Oct 10, 2015.
             Succumbed to an adder's poison
             ... on level 2 of the Dungeon.
             The game lasted 00:01:01 (1011 turns).

Banto the Charmwright (High Elf Skald)              Turns: 1011, Time: 00:01:01

Health: 0/24       AC:  3    Str: 11    XL:     3   Next: 35%
Magic:  6/8        EV: 16    Int: 15    God:
Gold:   37         SH:  0    Dex: 21    Spells: 1 memorised, 6 levels left

rFire  . . .     SeeInvis .     a - +0 falchion
rCold  . . .     Clarity  .     b - +0 leather armour
rNeg   . . .     SustAt   .     (no shield)
rPois  .         Gourm    .     (no helmet)
rElec  .         Spirit   .     (no cloak)
rCorr  .         Warding  .     (no gloves)
rMut   .         Stasis   .     (no boots)
MR     .....                    (no amulet)
Stlth  +++.......               (no ring)
                                (no ring)

@: agile, lethally poisoned (0 -> -6), infused, not resistant to hostile
enchantments, fairly stealthy
A: claws 1, blurry vision 1, mutation resistance 1
a: no special abilities


You were on level 2 of the Dungeon.
You were not hungry.

You visited 1 branch of the dungeon, and saw 2 of its levels.

You collected 37 gold pieces.

Inventory:

Hand Weapons
 a - a +0 falchion (weapon)
Armour
 b - a +0 leather armour (worn)
Scrolls
 e - 2 scrolls of identify {unknown}
 f - a scroll of teleportation {unknown}
 g - a scroll of enchant armour {unknown}
 i - a scroll of immolation {unknown}
Books
 c - a book of Battle

   Spells                             Type                      Level
   a - Infusion                       Charms                       1
   b - Shroud of Golubria             Charms/Translocation         2
   c - Song of Slaying                Charms                       2
   d - Spectral Weapon                Hexes/Charms                 3
   e - Regeneration                   Charms/Necromancy            3
Comestibles
 d - a bread ration


   Skills:
 - Level 2.0 Fighting
 * Level 3.2 Long Blades
 - Level 0.8 Armour
 - Level 1.1 Dodging
 + Level 2.8 Spellcasting
 * Level 4.6 Charms


You had 6 spell levels left.
You knew the following spells:

 Your Spells              Type           Power        Failure   Level  Hunger
a - Infusion              Chrm           ###...       4%          1    #......


Dungeon Overview and Level Annotations

Branches:
Dungeon (2/15)

Altars:


Innate Abilities, Weirdness & Mutations

You have sharp fingernails.
Scrolls take you a little longer to read.
You are somewhat resistant to further mutation.


Message History

* * * LOW HITPOINT WARNING * * *
You are lethally poisoned!
The adder poisons you!
Drink which item? (? for menu, Esc to quit)
It was a potion of mutation.
You feel extremely strange.
Your vision blurs.
Your fingernails lengthen.
You feel genetically stable.
* * * LOW HITPOINT WARNING * * *
You feel sick. The adder barely misses you. The adder bites you.
* * * LOW HITPOINT WARNING * * *
Drink which item? (? for menu, Esc to quit)
It was a potion of agility.
You feel agile all of a sudden.
* * * LOW HITPOINT WARNING * * *
You feel sick. The adder bites you but does no damage.
You miss the adder.
The adder is severely wounded.
The adder misses you. The adder barely misses you.
You hit the adder!
You kill the adder!
You die... ## .# .# ###.# #.@.# #.### #. ##

There were no monsters in sight!

Vanquished Creatures
  An adder (D:2)
  An ooze (D:1)
  A ball python (D:1)
  6 hobgoblins (D:1)
  3 jackals (D:1)
  5 kobolds (D:1)
  2 giant cockroaches (D:1)
  2 giant newts (D:1)
  3 goblins (D:1)
  5 rats (D:1)
29 creatures vanquished.

Notes
Turn   | Place    | Note
--------------------------------------------------------------
     0 | D:1      | Banto the High Elf Skald began the quest for the Orb.
     0 | D:1      | Reached XP level 1. HP: 14/14 MP: 4/4
    65 | D:1      | Reached skill level 4 in Charms
   102 | D:1      | Reached XP level 2. HP: 19/19 MP: 6/6
   587 | D:1      | Reached XP level 3. HP: 11/24 MP: 8/8
  1008 | D:2      | Gained mutation: Scrolls take you a little longer to read. [potion of mutation]
  1008 | D:2      | Gained mutation: You have sharp fingernails. [potion of mutation]
  1008 | D:2      | Gained mutation: You are somewhat resistant to further mutation. [potion of mutation]
  1009 | D:2      | HP: 1/24 [poisoned by an adder]
  1011 | D:2      | Succumbed to an adder's poison

Vault maps used:
D:1:      lightli_arrival_statue_moat, serial_glass, glass_columns_a,
          glass_columns_a
D:2:      nicolae_gozag_seed_capital, nicolae_overflow_hidden_temple, zin_purify

Action                   || total
-------------------------++-------
Melee: Falchion          ||    87
 Cast: Infusion          ||     5
  Use: Potion            ||     2
 Stab: Sleeping          ||     2
